 Dungeon Crawl Stone Soup version 0.21.1-1-g345015fe64 (webtiles) character file.

46386 Nattfarinn the Covert (level 14, -4/108 HPs)
             Began as a Gnoll Enchanter on May 8, 2018.
             Was the Champion of Cheibriados.
             Slain by Rupert
             ... wielding a +4 great mace of protection
              (31 damage)
             ... on level 3 of the Lair of Beasts.
             The game lasted 01:46:56 (25105 turns).

Nattfarinn the Covert (Gnoll Enchanter)            Turns: 25105, Time: 01:46:57

Health: -4/108     AC:  6    Str: 26    XL:     14   Next: 37%
Magic:  9/28       EV: 37    Int: 32    God:    Cheibriados [******]
Gold:   2160       SH:  0    Dex: 46    Spells: 13/33 levels left

rFire    + . .     SeeInvis .     - Unarmed
rCold    . . .     Gourm    .   (shield currently unavailable)
rNeg     . . .     Faith    .   (armour currently unavailable)
rPois    .         Spirit   .   (helmet currently unavailable)
rElec    .         Reflect  .   (cloak currently unavailable)
rCorr    +         Harm     .   (gloves currently unavailable)
MR       +....     NoTele   +   (boots currently unavailable)
Stlth    ++++++....             (no amulet)
HPRegen  0.28/turn              g - +4 ring of protection
MPRegen  0.21/turn              S - ring "Hugut" {rCorr -Tele rPois rF+ Dex+5}

@: spider-form, very slow
A: tiny, distributed training, screaming 1, strong nose
a: End Transformation, Bend Time, Temporal Distortion, Slouch, Step From Time,
Renounce Religion


You were on level 3 of the Lair of Beasts.
You worshipped Cheibriados.
Cheibriados was exalted by your worship.
You were not hungry.
You were a venomous arachnid creature.
You visited 4 branches of the dungeon, and saw 19 of its levels.
You also visited: Labyrinth and Bailey.

You collected 2160 gold pieces.

Inventory:

Hand Weapons
 a - a +2 dagger (melded)
 b - a +0 arbalest
Missiles
 z - 221 bolts
Armour
 A - a +2 pair of gloves (melded)
 E - the +2 shield of Resistance (melded) {rF+ rC+ MR+}
   (You took it off an orc warrior in a bailey)

   It protects you from fire.
   It protects you from cold.
   It affects your resistance to hostile enchantments.
 F - a +2 robe (melded)
 H - a +2 cloak (melded)
 J - a +2 hat (melded)
 W - a +3 plate armour of fire resistance
Jewellery
 g - a +4 ring of protection (left front leg)
 q - an uncursed amulet of regeneration
 Q - an uncursed ring of resist corrosion {unknown}
 S - the ring "Hugut" (right front leg) {rCorr -Tele rPois rF+ Dex+5}
   (You found it in a labyrinth)

   [ring of resist corrosion]

   It affects your dexterity (+5).
   It protects you from fire.
   It protects you from poison.
   It prevents most forms of teleportation.
Wands
 i - a wand of enslavement (19)
 k - a wand of digging (17)
 u - a wand of iceblast (25)
 w - a wand of disintegration (6)
 K - a wand of clouds (7)
 R - a wand of polymorph (17)
 T - a wand of flame (5)
Scrolls
 j - 4 scrolls of teleportation
 t - a scroll of vulnerability {unknown}
 y - 4 scrolls of fog
 C - 3 scrolls of immolation
 D - a scroll of enchant armour
 G - 5 scrolls of enchant weapon
 L - a scroll of amnesia {unknown}
 O - 4 scrolls of remove curse
 P - 3 scrolls of noise {unknown}
 V - a scroll of blinking {unknown}
 Z - a scroll of magic mapping
Potions
 e - 4 potions of flight
 f - 2 potions of cancellation {unknown}
 h - 7 potions of curing
 l - 3 potions of agility
 n - a potion of ambrosia {unknown}
 o - a potion of brilliance {unknown}
 p - a potion of berserk rage {unknown}
 r - 2 potions of heal wounds {unknown}
 I - 4 potions of lignification {unknown}
 Y - a potion of resistance {unknown}
Books
 c - a book of Maledictions

   Spells                             Type                      Level
   a - Corona                         Hexes                        1
   b - Ensorcelled Hibernation        Hexes/Ice                    2
   c - Confuse                        Hexes                        3
   d - Tukima's Dance                 Hexes                        3
   e - Dazzling Spray                 Conjuration/Hexes            3
 m - a book of Battle

   Spells                             Type                      Level
   a - Infusion                       Charms                       1
   b - Shroud of Golubria             Charms/Translocation         2
   c - Song of Slaying                Charms                       2
   d - Spectral Weapon                Hexes/Charms                 3
   e - Regeneration                   Charms/Necromancy            3
 s - a book of Ice

   Spells                             Type                      Level
   a - Ice Form                       Ice/Transmutation            4
   b - Metabolic Englaciation         Hexes/Ice                    5
   c - Ozocubu's Refrigeration        Ice                          6
   d - Bolt of Cold                   Conjuration/Ice              6
   e - Freezing Cloud                 Conjuration/Ice/Air          6
   f - Simulacrum                     Ice/Necromancy               6
 v - a Young Poisoner's Handbook

   Spells                             Type                      Level
   a - Sting                          Conjuration/Poison           1
   b - Poisonous Vapours              Poison/Air                   2
   c - Mephitic Cloud                 Conjuration/Poison/Air       3
   d - Olgreb's Toxic Radiance        Poison                       4
   e - Venom Bolt                     Conjuration/Poison           5
 x - a book of Changes

   Spells                             Type                      Level
   a - Beastly Appendage              Transmutation                1
   b - Sticks to Snakes               Transmutation                2
   c - Spider Form                    Transmutation/Poison         3
   d - Ice Form                       Ice/Transmutation            4
   e - Blade Hands                    Transmutation                5
 B - a book of Flames

   Spells                             Type                      Level
   a - Flame Tongue                   Conjuration/Fire             1
   b - Throw Flame                    Conjuration/Fire             2
   c - Conjure Flame                  Conjuration/Fire             3
   d - Inner Flame                    Hexes/Fire                   3
   e - Sticky Flame                   Conjuration/Fire             4
   f - Fireball                       Conjuration/Fire             5
 M - a book of Misfortune

   Spells                             Type                      Level
   a - Confusing Touch                Hexes                        1
   b - Confuse                        Hexes                        3
   c - Gell's Gravitas                Translocation                3
   d - Petrify                        Transmutation/Earth          4
   e - Metabolic Englaciation         Hexes/Ice                    5
   f - Yara's Violent Unravelling     Hexes/Transmutation          5
 U - a book of Summonings

   Spells                             Type                      Level
   a - Recall                         Summoning/Translocation      3
   b - Aura of Abjuration             Summoning                    5
   c - Summon Demon                   Summoning                    5
   d - Summon Forest                  Summoning/Translocation      5
   e - Summon Mana Viper              Hexes/Summoning              5
   f - Shadow Creatures               Summoning                    6
Miscellaneous
 N - a lamp of fire
Comestibles
 d - 23 rations


   Skills:
 + Level 9.0 Fighting
 + Level 9.4 Short Blades
 + Level 9.0 Long Blades
 + Level 9.0 Axes
 + Level 9.0 Maces & Flails
 + Level 9.0 Polearms
 + Level 9.0 Staves
 + Level 9.0 Slings
 + Level 9.0 Bows
 + Level 9.0 Crossbows
 + Level 9.0 Throwing
 + Level 9.0 Armour
 + Level 10.1 Dodging
 + Level 10.7 Stealth
 + Level 9.0 Shields
 + Level 9.0 Unarmed Combat
 + Level 10.3 Spellcasting
 + Level 7.5 Conjurations
 + Level 9.3 Hexes
 + Level 7.5 Charms
 + Level 7.5 Summonings
 + Level 7.5 Necromancy
 + Level 7.5 Translocations
 + Level 7.5 Transmutations
 + Level 7.5 Fire Magic
 + Level 7.5 Ice Magic
 + Level 7.5 Air Magic
 + Level 7.5 Earth Magic
 + Level 7.5 Poison Magic
 + Level 9.8 Invocations
 + Level 9.0 Evocations


You had 13 spell levels left.
You knew the following spells:

 Your Spells              Type           Power        Failure   Level  Hunger
a - Corona                Hex            ######.      1%          1    None
b - Ensorcelled Hibernat  Hex/Ice        ######       1%          2    None
c - Confuse               Hex            ######..     2%          3    None
d - Tukima's Dance        Hex            ######..     2%          3    None
e - Spider Form           Tmut/Pois      ######....   3%          3    None
f - Regeneration          Chrm/Necr      ######....   3%          3    None
g - Fireball              Conj/Fire      ######....   12%         5    ###....


Dungeon Overview and Level Annotations

Branches:
Dungeon (13/15)            Temple (1/1) D:5            Lair (3/6) D:11
 Shoals (0/4) Lair:2        Snake (0/4) Lair:2          Orc (2/2) D:12
    Elf (0/3) Orc:2
 Vaults: D:13-14

Altars:
Ashenzari
Cheibriados
Dithmenos
Elyvilon
Fedhas
Gozag
Hepliaklqana
Kikubaaqudgha
Makhleb
Nemelex Xobeh
Okawaru
Qazlal
Ru
Sif Muna
Trog
Uskayaw
Vehumet
Wu Jian
Xom
Yredelemnul
Zin
The Shining One

Shops:
D:10 ?[=   D:12 *   Orc:2 (*(=

Annotations:
D:8 error's ghost, novice OpSu
Lair:3 Rupert


Innate Abilities, Weirdness & Mutations

Your experience applies equally to all skills.
((You have very sharp teeth.))
Your uncanny sense of smell can sniff out nearby items.
You occasionally shout uncontrollably at your foes.


Message History

Your +2 robe melds into your body.
Rupert hits you with a great mace of protection.
You hit Rupert but do no damage.
Rupert is almost dead.
Rupert misses you.
You hit Rupert but do no damage.
Rupert is almost dead.
Rupert hits you with a great mace of protection!!
* * * LOW HITPOINT WARNING * * *
You barely miss Rupert.
Rupert is almost dead.
Rupert completely misses you.
Okay, then.
You bite Rupert!
Rupert is almost dead.
Rupert completely misses you.
You bite Rupert!
Rupert is almost dead.
Rupert hits you with a great mace of protection!!
You die...

.... .........
........ #.....##
# ### ###......#
..
##.###.##.(..##..!
#<....##......P[..
#.....+@'.........
#.....s#.(>..##
#.....###....#
###..#.#P....#
##..###....P.#
.+#. #........ ..
............ ...
.......... ...
...........


You could see Rupert (berserk).

Vanquished Creatures
  Gastronok (Lair:2)
  An orc warlord (Orc:2)
  A minotaur (Lab)
  Harold (Lair:2)
  A vault guard (D:13)
  6 hydras
  2 centaur warriors
  2 orc high priests (Orc:2)
  Sonja (Lair:2)
  Urug (Lair:2)
  Nergalle (Lair:2)
  5 slime creatures
  An orc knight (Orc:2)
  7 orc sorcerers
  A manticore (Lair:2)
  2 ugly things (D:12)
  4 oklob plants (Lair:1)
  3 cyclopes
  6 elephants (Lair:2)
  2 black mambas
  2 kobold demonologists (D:11)
  A spiny frog (Lair:1)
  2 centaur skeletons
  4 komodo dragons
  4 trolls
  2 hornets
  5 hippogriffs
  2 redbacks (Lab)
  2 shadows (Lab)
  A wraith (D:12)
  A wyvern (D:7)
  A spriggan (D:9)
  34 yaks
  A steam dragon (D:11)
  Menkaure (D:5)
  3 wargs
  2 soldier ants
  4 water moccasins (Lair:2)
  An ice beast (D:12)
  23 orc warriors
  3 porcupines
  2 phantoms
  5 black bears
  A sky beast (D:7)
  2 necrophages
  12 ogres
  3 wolves (Lair:2)
  10 centaurs
  5 crocodiles
  5 big kobolds
  16 bullfrogs
  A water moccasin zombie (D:11)
  A wyvern skeleton (D:12)
  6 scorpions
  9 killer bees
  14 wights
  3 crimson imps
  2 bullfrog zombies
  3 centaur zombies
  2 hounds
  4 jellies
  14 orc priests
  A bullfrog skeleton (D:5)
  2 iguanas
  18 orc wizards
  5 worker ants
  A killer bee zombie (D:5)
  A hound skeleton (D:6)
  3 worker ant zombies
  15 adders
  13 gnolls
  3 shadow imps
  An adder zombie (D:9)
  An adder skeleton (D:9)
  4 worms
  2 dart slugs
  7 leopard geckos
  68 orcs
  A ball python (D:4)
  4 giant cockroaches
  5 goblins
  4 hobgoblins
  4 jackals
  25 kobolds
  9 quokkas
  8 bats
  4 frilled lizards
  A giant cockroach zombie (D:6)
  A jackal skeleton (D:8)
  A jackal zombie (D:5)
  A leopard gecko skeleton (D:4)
  A quokka skeleton (D:4)
  11 rats
493 creatures vanquished.

Vanquished Creatures (collateral kills)
  An orc knight (Bailey)
  10 orc warriors
  A black bear (D:11)
  2 ogres
  8 wights
  An orc priest (D:10)
  4 orc wizards (Orc:2)
  4 gnolls
  11 orcs
  A kobold (D:8)
43 creatures vanquished.

Vanquished Creatures (others)
  20 dancing weapons
  An orc wizard (Orc:2)
  A kobold (D:11)
  56 fungi
  24 plants
  2 withered plants (D:9)
104 creatures vanquished.

Grand Total: 640 creatures vanquished

Notes
Turn   | Place    | Note
-------+----------+-------------------------------------------
     0 | D:1      | Nattfarinn the Gnoll Enchanter began the quest for the Orb.
     0 | D:1      | Reached XP level 1. HP: 13/13 MP: 6/6
   151 | D:1      | You fall through a shaft!
   206 | D:2      | Reached XP level 2. HP: 11/20 MP: 5/7
   210 | D:2      | Learned a level 2 spell: Ensorcelled Hibernation
   743 | D:2      | Reached XP level 3. HP: 25/25 MP: 3/9
   748 | D:2      | Learned a level 3 spell: Confuse
   752 | D:2      | Learned a level 3 spell: Tukima's Dance
   847 | D:2      | Reached skill level 5 in Spellcasting
   995 | D:2      | Reached skill level 1 in Invocations
  1436 | D:3      | Reached skill level 1 in Fighting
  1436 | D:3      | Reached skill level 1 in Long Blades
  1436 | D:3      | Reached skill level 1 in Axes
  1436 | D:3      | Reached skill level 1 in Maces & Flails
  1436 | D:3      | Reached skill level 1 in Polearms
  1436 | D:3      | Reached skill level 1 in Staves
  1436 | D:3      | Reached skill level 1 in Slings
  1436 | D:3      | Reached skill level 1 in Bows
  1436 | D:3      | Reached skill level 1 in Crossbows
  1436 | D:3      | Reached skill level 1 in Throwing
  1436 | D:3      | Reached skill level 1 in Armour
  1436 | D:3      | Reached skill level 1 in Shields
  1436 | D:3      | Reached skill level 1 in Unarmed Combat
  1436 | D:3      | Reached skill level 1 in Evocations
  1505 | D:3      | Reached XP level 4. HP: 23/32 MP: 4/11
  1541 | D:3      | Found a hide-covered altar of Uskayaw.
  2475 | D:1      | Reached skill level 1 in Conjurations
  2475 | D:1      | Reached skill level 1 in Charms
  2475 | D:1      | Reached skill level 1 in Summonings
  2475 | D:1      | Reached skill level 1 in Necromancy
  2475 | D:1      | Reached skill level 1 in Translocations
  2475 | D:1      | Reached skill level 1 in Transmutations
  2475 | D:1      | Reached skill level 1 in Fire Magic
  2475 | D:1      | Reached skill level 1 in Ice Magic
  2475 | D:1      | Reached skill level 1 in Air Magic
  2475 | D:1      | Reached skill level 1 in Earth Magic
  2475 | D:1      | Reached skill level 1 in Poison Magic
  3220 | D:4      | Noticed an ogre
  3257 | D:3      | Reached XP level 5. HP: 18/37 MP: 6/12
  3495 | D:4      | Killed an ogre
  4459 | D:4      | Reached XP level 6. HP: 35/44 MP: 0/13
  5406 | D:5      | Entered Level 5 of the Dungeon
  5502 | D:5      | Reached skill level 5 in Dodging
  5655 | D:5      | Reached XP level 7. HP: 50/50 MP: 15/15
  5667 | D:5      | Noticed Menkaure
  5734 | D:5      | Found a staircase to the Ecumenical Temple.
  5744 | Temple   | Entered the Ecumenical Temple
  5806 | Temple   | Became a worshipper of Cheibriados the Contemplative
  5864 | D:5      | Killed Menkaure
  6364 | D:5      | Found a hazy altar of Hepliaklqana.
  7095 | D:6      | Reached XP level 8. HP: 57/57 MP: 16/16
  7123 | D:6      | Reached * piety under Cheibriados
  7324 | D:7      | Noticed a hippogriff
  7717 | D:6      | Found a white marble altar of Elyvilon.
  7809 | D:6      | Found an opulent altar of Gozag.
  8130 | D:6      | Found a sparkling altar of Nemelex Xobeh.
  8326 | D:7      | Found an ancient bone altar of Kikubaaqudgha.
  8356 | D:7      | Killed a hippogriff
  8395 | D:6      | Reached XP level 9. HP: 30/65 MP: 0/18
  8711 | D:7      | Found a shadowy altar of Dithmenos.
  8711 | D:7      | Noticed a hornet
  8769 | D:7      | Reached ** piety under Cheibriados
  8960 | D:7      | Found a sacrificial altar of Ru.
  9694 | D:8      | Reached skill level 5 in Short Blades
  9878 | D:8      | Found a glowing golden altar of the Shining One.
 10086 | D:8      | Noticed error's ghost (novice OpSu)
 11442 | D:8      | Reached *** piety under Cheibriados
 11625 | D:9      | Reached skill level 5 in Invocations
 11653 | D:9      | Noticed a troll
 11656 | D:9      | Killed a hornet
 11659 | D:9      | Killed a troll
 11659 | D:9      | Reached XP level 10. HP: 73/73 MP: 3/20
 11742 | D:9      | Gained mutation: Your spells are a little easier to cast, but a little less powerful. [potion of mutation]
 11742 | D:9      | Lost mutation: Your spells are a little easier to cast, but a little less powerful. [potion of mutation]
 11750 | D:9      | Reached **** piety under Cheibriados
 11794 | D:9      | Found a flagged portal.
 11802 | Bailey   | Entered a bailey
 12168 | Bailey   | Reached skill level 5 in Fighting
 12168 | Bailey   | Reached skill level 5 in Long Blades
 12168 | Bailey   | Reached skill level 5 in Axes
 12168 | Bailey   | Reached skill level 5 in Maces & Flails
 12168 | Bailey   | Reached skill level 5 in Polearms
 12168 | Bailey   | Reached skill level 5 in Staves
 12168 | Bailey   | Reached skill level 5 in Slings
 12168 | Bailey   | Reached skill level 5 in Bows
 12168 | Bailey   | Reached skill level 5 in Crossbows
 12168 | Bailey   | Reached skill level 5 in Throwing
 12168 | Bailey   | Reached skill level 5 in Armour
 12168 | Bailey   | Reached skill level 5 in Shields
 12168 | Bailey   | Reached skill level 5 in Unarmed Combat
 12168 | Bailey   | Reached skill level 5 in Evocations
 12744 | Bailey   | Found a roughly hewn altar of Beogh.
 12745 | Bailey   | Noticed an orc knight
 12773 | Bailey   | HP: 3/74 [orc warrior (5)]
 12785 | Bailey   | Killed an orc knight
 13178 | Bailey   | Learned a level 3 spell: Spider Form
 13823 | D:9      | Found a burning altar of Makhleb.
 13874 | D:9      | Found a shimmering altar of Xom.
 14047 | D:9      | Found an ancient bone altar of Kikubaaqudgha.
 14064 | D:9      | Found a blossoming altar of Fedhas.
 14187 | D:9      | Found a deep blue altar of Sif Muna.
 14417 | D:10     | Entered Level 10 of the Dungeon
 14480 | D:10     | Found Uxtusm's Jewellery Boutique.
 14921 | D:10     | Found Zoinu's Armour Shoppe.
 14959 | D:10     | Reached XP level 11. HP: 81/81 MP: 19/22
 14989 | D:10     | Learned a level 3 spell: Regeneration
 15112 | D:10     | Found Ykoky's Magic Scroll Shoppe.
 15154 | D:10     | Reached ***** piety under Cheibriados
 15995 | D:11     | Reached skill level 5 in Conjurations
 15995 | D:11     | Reached skill level 5 in Charms
 15995 | D:11     | Reached skill level 5 in Summonings
 15995 | D:11     | Reached skill level 5 in Necromancy
 15995 | D:11     | Reached skill level 5 in Translocations
 15995 | D:11     | Reached skill level 5 in Transmutations
 15995 | D:11     | Reached skill level 5 in Fire Magic
 15995 | D:11     | Reached skill level 5 in Ice Magic
 15995 | D:11     | Reached skill level 5 in Air Magic
 15995 | D:11     | Reached skill level 5 in Earth Magic
 15995 | D:11     | Reached skill level 5 in Poison Magic
 16086 | D:11     | Found a staircase to the Lair.
 16392 | D:11     | Noticed a centaur warrior
 16398 | D:11     | Killed a centaur warrior
 16800 | D:12     | Found Viytel's General Store.
 16862 | D:12     | Found a labyrinth entrance.
 16869 | Lab      | Entered a labyrinth
 17001 | Lab      | Noticed a minotaur
 17008 | Lab      | Killed a minotaur
 17008 | Lab      | Reached XP level 12. HP: 87/89 MP: 7/24
 17017 | Lab      | Got a translucent pewter ring
 17150 | D:12     | Reached ****** piety under Cheibriados
 17616 | D:12     | Found a staircase to the Orcish Mines.
 17895 | D:12     | Gained mutation: You occasionally shout uncontrollably at your foes. [potion of mutation]
 17895 | D:12     | Gained mutation: Your movements are slightly less encumbered by armour. (ER -2) [potion of mutation]
 17895 | D:12     | Gained mutation: You are agile. (Dex +2) [potion of mutation]
 18029 | D:13     | Got a shimmering marble ring
 18044 | D:13     | Noticed a centaur warrior
 18055 | D:13     | Killed a centaur warrior
 18056 | D:13     | Noticed a vault guard
 18068 | D:13     | Killed a vault guard
 18421 | Orc:1    | Entered Level 1 of the Orcish Mines
 18738 | Orc:1    | Found a bloodstained altar of Trog.
 18926 | Orc:2    | Entered Level 2 of the Orcish Mines
 18926 | Orc:2    | Noticed an orc warlord
 19000 | Orc:2    | Noticed a sun demon
 19469 | Orc:2    | Noticed an orc high priest
 19725 | Orc:2    | Noticed a soul eater
 19783 | Orc:2    | Killed an orc high priest
 19783 | Orc:2    | Reached XP level 13. HP: 98/98 MP: 20/26
 20202 | Orc:2    | Found Zaxos's General Store.
 20202 | Orc:2    | Found Huud's Antique Weapon Shop.
 20202 | Orc:2    | Found Deanaesui's Antique Weapon Boutique.
 20206 | Orc:2    | Found Vaodoj's Jewellery Boutique.
 20768 | Orc:2    | Found a staircase to the Elven Halls.
 21048 | Orc:2    | Reached skill level 10 in Stealth
 21686 | Orc:2    | Killed an orc warlord
 22073 | Lair:1   | Entered Level 1 of the Lair of Beasts
 22471 | Lair:1   | Identified the cursed ring "Jofus" {Int-2 Slay+5} (You found it on level 13 of the Dungeon)
 22473 | Lair:1   | Identified the ring "Hugut" {rCorr -Tele rPois rF+ Dex+5} (You found it in a labyrinth)
 22697 | Lair:1   | Lost mutation: You are agile. (Dex +2) [potion of mutation]
 22697 | Lair:1   | Lost mutation: Your movements are slightly less encumbered by armour. (ER -2) [potion of mutation]
 22697 | Lair:1   | Lost mutation: You occasionally shout uncontrollably at your foes. [potion of mutation]
 22697 | Lair:1   | Gained mutation: Your spells are a little easier to cast, but a little less powerful. [potion of mutation]
 22697 | Lair:1   | Gained mutation: You occasionally shout uncontrollably at your foes. [potion of mutation]
 22697 | Lair:1   | Lost mutation: Your spells are a little easier to cast, but a little less powerful. [potion of mutation]
 23261 | Lair:1   | Learned a level 5 spell: Fireball
 23486 | Lair:2   | Found a staircase to the Snake Pit.
 23619 | Lair:2   | Reached skill level 10 in Spellcasting
 23673 | Lair:2   | Reached XP level 14. HP: 85/106 MP: 6/28
 23988 | Lair:2   | Noticed Urug
 23990 | Lair:2   | Noticed Sonja
 23999 | Lair:2   | Killed Sonja
 24002 | Lair:2   | Killed Urug
 24008 | Lair:2   | Noticed Nergalle
 24024 | Lair:2   | Killed Nergalle
 24171 | Lair:2   | Noticed Gastronok
 24172 | Lair:2   | Found a staircase to the Shoals.
 24193 | Lair:2   | Killed Gastronok
 24193 | Lair:2   | Reached skill level 10 in Dodging
 24532 | Lair:2   | Noticed Harold
 24543 | Lair:2   | Killed Harold
 25078 | Lair:3   | Noticed Rupert
 25105 | Lair:3   | Slain by Rupert

Skill      XL: |  1  2  3  4  5  6  7  8  9 10 11 12 13 14 |
---------------+-------------------------------------------+-----
Spellcasting   | 5 6 7 8 9 10 | 10.3
Stealth        | 6 7 8 9 10 | 10.7
Invocations    | 1 2 3 4 5 6 7 8 9 |  9.8
Fighting       | 1 2 3 4 5 6 7 8 9 |  9.0
Long Blades    | 1 2 3 4 5 6 7 8 9 |  9.0
Axes           | 1 2 3 4 5 6 7 8 9 |  9.0
Maces & Flails | 1 2 3 4 5 6 7 8 9 |  9.0
Polearms       | 1 2 3 4 5 6 7 8 9 |  9.0
Staves         | 1 2 3 4 5 6 7 8 9 |  9.0
Slings         | 1 2 3 4 5 6 7 8 9 |  9.0
Bows           | 1 2 3 4 5 6 7 8 9 |  9.0
Crossbows      | 1 2 3 4 5 6 7 8 9 |  9.0
Throwing       | 1 2 3 4 5 6 7 8 9 |  9.0
Armour         | 1 2 3 4 5 6 7 8 9 |  9.0
Shields        | 1 2 3 4 5 6 7 8 9 |  9.0
Unarmed Combat | 1 2 3 4 5 6 7 8 9 |  9.0
Evocations     | 1 2 3 4 5 6 7 8 9 |  9.0
Conjurations   | 1 2 3 4 5 6 7 |  7.5
Charms         | 1 2 3 4 5 6 7 |  7.5
Summonings     | 1 2 3 4 5 6 7 |  7.5
Necromancy     | 1 2 3 4 5 6 7 |  7.5
Translocations | 1 2 3 4 5 6 7 |  7.5
Transmutations | 1 2 3 4 5 6 7 |  7.5
Fire Magic     | 1 2 3 4 5 6 7 |  7.5
Ice Magic      | 1 2 3 4 5 6 7 |  7.5
Air Magic      | 1 2 3 4 5 6 7 |  7.5
Earth Magic    | 1 2 3 4 5 6 7 |  7.5
Poison Magic   | 1 2 3 4 5 6 7 |  7.5
Short Blades   | 3 4 5 6 7 8 9 |  9.4
Dodging        | 5 6 7 8 9 10 | 10.1
Hexes          | 6 7 8 9 |  9.3

Action                   |  1- 3 |  4- 6 |  7- 9 | 10-12 | 13-15 || total
-------------------------+-------+-------+-------+-------+-------++-------
Melee: Dagger            |   107 |   181 |   155 |   518 |   372 ||  1333
       Bite              |    10 |    19 |    40 |   106 |    88 ||   263
       Punch             |       |     2 |     5 |     1 |     1 ||     9
       Short sword       |       |       |   121 |       |       ||   121
       Unarmed           |       |       |       |    12 |     5 ||    17
 Fire: Arbalest          |       |       |       |    92 |       ||    92
 Cast: Corona            |     1 |       |       |       |       ||     1
       Ensorcelled Hiber |    11 |    71 |    77 |   124 |   111 ||   394
       Tukima's Dance    |     5 |    13 |    26 |    47 |    25 ||   116
       Confuse           |       |     3 |    33 |    78 |    38 ||   152
       Spider Form       |       |       |       |     1 |     1 ||     2
       Fireball          |       |       |       |       |     5 ||     5
Invok: Slouch            |       |       |       |     1 |       ||     1
  Use: Scroll            |       |     5 |    12 |     6 |     2 ||    25
       Potion            |       |       |     2 |     6 |     1 ||     9
 Stab: Sleeping          |    14 |    39 |    56 |   103 |    70 ||   282
       Confused          |       |     2 |    21 |    37 |    26 ||    86
       Distracted        |       |       |     2 |     1 |     1 ||     4
  Eat: Chunk             |     2 |    12 |    13 |    10 |     5 ||    42
       Ration            |       |     1 |       |     1 |     2 ||     4
Armor: Robe              |    15 |    29 |    88 |   132 |    51 ||   315
       Skin              |       |       |       |     1 |       ||     1
Dodge: Dodged            |    91 |   165 |   357 |   478 |   283 ||  1374
Block: Shield            |       |       |       |   370 |   365 ||   735
